Map: 亚历山大港 - 天梯版

Players

Scarlett - Winner!

  • Race: Zerg Zerg
  • League: Platinum

Serral

  • Race: Zerg Zerg

Event: WESG 2018 Grand Finals

VOD

Have the link to the VOD?

Description

Time

  • Played on: March 16, 2019, 2:55 a.m.
  • Length: 8:41

All games in this series

Show
View Real Time Build Order
Export as new Build Order

Scarlett Zerg - Winner!

Build Orders: Hatch First, Lurkers 

Get SALT Encoding   

  12  0:00  Drone  
  13  0:13  Overlord  
  13  0:19  Drone  
  14  0:31  Drone  
  14  0:32  Drone  
  16  0:49  Hatchery  
  15  0:52  Drone  
  15  0:56  Drone  
  17  0:59  Drone  
  18  1:10  Extractor  
  17  1:15  Spawning Pool  
  17  1:18  Drone  
  17  1:21  Drone  
  18  1:28  Drone  
  19  1:40  Drone  
  20  1:50  Drone  
  21  2:01  Overlord, Drone  
  22  2:02  Queen x2  
  26  2:11  Drone  
  26  2:12  Drone  
  26  2:14  Metabolic Boost  
  28  2:22  Drone x2  
  30  2:27  Evolution Chamber  
  29  2:34  Zergling x2, Drone  
  31  2:38  Queen  
  31  2:43  Overlord  
  33  2:48  Drone  
  34  2:55  Zerg Melee Weapons Level 1  
  34  2:57  Drone x2  
  36  3:05  Extractor  
  35  3:07  Drone  
  35  3:08  Drone  
  35  3:10  Drone x4  
  41  3:15  Overlord  
  41  3:18  Drone x2  
  43  3:21  Drone  
  43  3:26  Evolution Chamber  
  43  3:33  Overlord  
  43  3:34  Drone  
  44  3:43  Zergling x2  
  44  3:44  Zergling x4  
  44  3:46  Drone x3  
  44  3:48  Lair  
  50  3:56  Hatchery  
  49  4:03  Zergling x8  
  49  4:07  Zerg Ground Armor Level 1  
  53  4:11  Overlord  
  53  4:14  Overlord  
  53  4:23  Drone x5  
  58  4:26  Extractor  
  58  4:27  Extractor  
  58  4:28  Drone x3  
  59  4:35  Drone  
  59  4:36  Zergling x2  
  59  4:37  Queen  
  63  4:51  Zerg Melee Weapons Level 2  
  63  4:57  Hydralisk Den  
  63  4:58  Drone x7  
  69  5:04  Overlord  
  69  5:09  Overseer  
  69  5:18  Zergling x10  
  74  5:23  Overlord  
  74  5:28  Drone x4  
  78  5:33  Drone  
  78  5:34  Lurker Den  
  78  5:39  Overlord x2  
  78  5:41  Drone x2  
  78  5:42  Drone x2  
  82  5:46  Drone  
  82  5:47  Drone  
  84  5:53  Zergling x2  
  84  5:54  Zergling x6  
  84  5:55  Hydralisk  
  84  5:56  Hydralisk x3  
  96  6:03  Zerg Missile Weapons Level 1  
  96  6:09  Hatchery  
  95  6:13  Hydralisk x3  
  101  6:23  Hydralisk x2  
  105  6:26  Zergling x16  
  113  6:34  Infestation Pit  
  113  6:37  Overlord x4  
  112  6:43  Overlord  
  112  6:48  Overlord x2  
  112  6:58  Zergling x16  
  118  7:02  Lurker x5  
  118  7:04  Zergling x4  
  118  7:07  Zergling x6  
  128  7:12  Zergling x6  
  128  7:15  Hive  
  131  7:21  Zergling x6  
  134  7:23  Lurker  
  134  7:27  Hydralisk  
  134  7:28  Zergling x6  
  138  7:39  Zergling x20  
  138  7:41  Overlord  
  148  7:49  Lurker x2  
  148  8:03  Zergling x24  
  160  8:11  Lurker  
  160  8:12  Lurker  
  156  8:20  Zergling x20  
Show
View Real Time Build Order
Export as new Build Order

Serral Zerg 

Build Orders: Hatch First 

Get SALT Encoding   

  12  0:00  Drone  
  13  0:12  Overlord  
  13  0:18  Drone  
  14  0:31  Drone x2  
  16  0:49  Hatchery  
  15  0:53  Drone  
  15  0:56  Drone  
  17  1:00  Drone  
  18  1:11  Extractor  
  17  1:16  Spawning Pool  
  16  1:19  Drone  
  16  1:23  Drone  
  18  1:29  Drone  
  19  1:39  Drone  
  20  1:49  Drone  
  21  2:00  Overlord  
  21  2:02  Queen x2  
  21  2:03  Zergling x2  
  26  2:11  Metabolic Boost  
  26  2:12  Drone  
  26  2:15  Drone  
  28  2:22  Drone  
  29  2:23  Drone  
  30  2:37  Hatchery  
  30  2:41  Drone x2  
  31  2:44  Drone  
  31  2:46  Drone  
  33  2:55  Overlord  
  33  2:56  Drone  
  33  3:09  Drone x2  
  33  3:10  Baneling Nest  
  33  3:11  Queen  
  36  3:14  Drone x3  
  36  3:18  Overlord  
  39  3:20  Zergling x2  
  39  3:22  Zergling x2  
  39  3:24  Zergling x2  
  39  3:26  Zergling x2  
  43  3:33  Drone  
  44  3:39  Zergling x2  
  44  3:40  Zergling x2  
  46  3:41  Evolution Chamber  
  46  3:45  Overlord  
  46  3:46  Drone x3  
  46  3:48  Drone, Extractor  
  48  3:49  Zergling x2  
  48  3:54  Baneling  
  48  3:55  Baneling  
  49  3:59  Drone x4  
  53  4:06  Zergling x2, Roach Warren  
  53  4:08  Zerg Missile Weapons Level 1  
  53  4:13  Overlord  
  52  4:18  Drone x4  
  56  4:25  Zergling x2  
  56  4:26  Drone x3  
  56  4:28  Baneling x2  
  60  4:32  Zergling x4  
  60  4:33  Extractor  
  60  4:35  Overlord  
  61  4:40  Overlord  
  61  4:43  Lair  
  61  4:47  Zergling x2  
  61  4:48  Drone x2  
  61  4:51  Drone x2  
  66  4:53  Overlord  
  66  4:55  Drone  
  66  4:56  Drone  
  66  4:58  Drone  
  69  5:02  Queen  
  70  5:07  Queen  
  70  5:09  Extractor  
  70  5:12  Drone x3  
  74  5:21  Drone x2  
  76  5:22  Overlord  
  76  5:24  Roach x3  
  82  5:30  Roach x3  
  88  5:36  Overlord  
  88  5:38  Overlord  
  88  5:40  Overseer  
  88  5:42  Roach x3  
  94  5:46  Overlord  
  94  5:47  Overlord  
  94  5:58  Roach  
  94  5:59  Roach x5  
  106  6:15  Queen x3, Nydus Network  
  106  6:18  Roach x3  
  116  6:26  Overlord x3  
  116  6:29  Overlord  
  116  6:31  Glial Reconstitution  
  116  6:34  Overlord  
  116  6:38  Overlord, Overseer  
  116  6:54  Nydus Canal  
  116  6:55  Roach  
  116  6:56  Roach x8  
  134  7:04  Overseer x2  
  134  7:09  Roach x4  
  134  7:11  Drone  
  134  7:12  Drone x2, Extractor  
  134  7:13  Drone  
  145  7:18  Drone x3  
  148  7:23  Nydus Canal  
  148  7:24  Drone x2  
  146  7:40  Nydus Canal  
  146  7:41  Roach x6  
  146  7:42  Roach  
  153  7:49  Evolution Chamber  
  153  7:50  Roach  
  152  7:59  Overlord  
  152  8:01  Roach  
  150  8:07  Drone x4  
  154  8:18  Drone x5  
  150  8:25  Nydus Canal  
Tags
 
Add a new tag
Caveats
  • Supply blocks, unpowered buildings, or Contaminate may cause inaccurate times.
  • Supply counts are checked every 10 seconds.